 Dungeon Crawl Stone Soup version 0.27.1-33-g824d729ab1 (webtiles) character file.

Game seed: 2381463083979980775

628 raph the Firebug (level 7, -2/36 HPs)
             Began as a Deep Elf Fire Elementalist on Dec 26, 2021.
             Was a Believer of Zin.
             Slain by an ogre (22 damage)
             ... on level 5 of the Dungeon.
             The game lasted 00:07:59 (6032 turns).

raph the Firebug (Deep Elf Fire Elementalist)       Turns: 6032, Time: 00:08:00

Health: -2/36      AC:  5    Str:  5    XL:     7   Next: 23%
Magic:  9/13       EV: 12    Int: 22    God:    Zin [**....]
Gold:   265        SH:  0    Dex: 15    Spells: 4/12 levels left

rFire    . . .     SeeInvis .   i - +1 short sword (freeze)
rCold    . . .     Faith    .   (no shield)
rNeg     + . .     Spirit   .   a - +0 robe
rPois    .         Reflect  .   m - +1 helmet
rElec    .         Harm     .   (no cloak)
rCorr    .         Rampage  .   h - +0 pair of gloves
Will     +....                  (no boots)
Stlth    ++........             (no amulet)
HPRegen  0.12/turn              p - ring of positive energy
MPRegen  0.13/turn              r - ring of willpower

@: no status effects
A: no striking features
a: Renounce Religion, Recite, Vitalisation, Donate Gold


You were on level 5 of the Dungeon.
You worshipped Zin.
Zin was pleased with you.
You visited 1 branch of the dungeon, and saw 5 of its levels.
You also visited: Sewer.

You collected 294 gold pieces.
You donated 29 gold pieces to Zin.

Inventory:

Hand Weapons
 d - a +0 dagger
 i - a +1 short sword of freezing (weapon)
Missiles
 n - 4 boomerangs of dispersal
 t - a throwing net
Armour
 a - a +0 robe (worn)
 h - a +0 pair of gloves (worn)
 m - a +1 helmet (worn)
Jewellery
 p - a ring of positive energy (left hand)
 r - a ring of willpower (right hand)
Wands
 l - a wand of flame (11)
Scrolls
 b - 4 scrolls of teleportation
 f - 2 scrolls of magic mapping
 u - a scroll of summoning
Potions
 c - a potion of invisibility
 e - a potion of berserk rage {unknown}
 g - a potion of haste {unknown}
 j - a potion of degeneration
 k - 2 potions of curing
 o - a potion of heal wounds
 q - a potion of magic {unknown}
 s - a potion of flight {unknown}


   Skills:
 - Level 2.4 Dodging
 - Level 2.4 Stealth
 - Level 3.0 Spellcasting
 + Level 6.1 Conjurations
 + Level 6.9 Fire Magic


You had 4 spell levels left.
You knew the following spells:

 Your Spells              Type           Power      Damage    Failure   Level
a - Foxfire               Conj/Fire      100%       2x1d9     1%          1
b - Conjure Flame         Conj/Fire      32%        6-21      2%          3
c - Sticky Flame          Conj/Fire      32%        2d5       9%          4

Your spell library contained the following spells:

 Spells                   Type           Power      Damage    Failure   Level
 Inner Flame              Hex/Fire       18%        N/A       9%          3
 Corpse Rot               Necr/Air       N/A        N/A       19%         2
 Poisonous Vapours        Pois/Air       6%         N/A       19%         2
 Fireball                 Conj/Fire      16%        3d8       24%         5
 Freezing Cloud           Conj/Ice/Air   6%         6-21      83%         5


Dungeon Overview and Level Annotations

Branches:
Dungeon (5/15)             Temple (0/1) D:5           Sewer (visited)

Altars:
Elyvilon
Zin


Message History

Confirm with . or Enter, or press ? or * to list all spells.
You conjure some foxfire!
The foxfire hits the bullfrog skeleton.
The bullfrog skeleton is lightly damaged.
The foxfire hits the bullfrog skeleton.
The bullfrog skeleton is moderately damaged.
Casting: Foxfire (safe; 1% risk of failure)
Confirm with . or Enter, or press ? or * to list all spells.
Aiming: Sticky Flame (quite dangerous; 9% risk of failure)
Press: ? - help, Shift-Dir - straight line, f - bullfrog skeleton
Aim: a bullfrog skeleton (moderately damaged, ally target, 100% to hit)
The sticky flame hits the bullfrog skeleton.
The bullfrog skeleton is heavily damaged.
The bullfrog skeleton is covered in liquid flames!
The bullfrog skeleton burns!
The foxfire hits the bullfrog skeleton!
The bullfrog skeleton is almost destroyed.
The foxfire hits the bullfrog skeleton!
You destroy the bullfrog skeleton!
Zin accepts your kill.
No target in view!
You start resting.
Magic restored.
Items here: ( ))) [.
Items here: ( ))) [.
Found a stone staircase leading down.
An ogre comes into view. It is wielding a +0 giant club.
The helpless ogre fails to defend itself.
You hit the ogre. You freeze the ogre.
The ogre is moderately wounded.
The ogre hits you with a +0 giant club!
Casting: Sticky Flame (quite dangerous; 9% risk of failure)
Confirm with . or Enter, or press ? or * to list all spells.
Aiming: Sticky Flame (quite dangerous; 9% risk of failure)
Press: ? - help, Shift-Dir - straight line, f - ogre
Aim: an ogre, wielding a +0 giant club (moderately wounded, 100% to hit)
The sticky flame hits the ogre!
The ogre is heavily wounded.
The ogre is covered in liquid flames!
The ogre burns!
The ogre hits you with a +0 giant club!!
Ouch! That really hurt!
You die...

..#### ..)##### .#
...)...# .#
...###.### .#
..##.....# ..
.###.....# .# ##
#.....# .# #
#.....# ###.### #
#.....# #.@...# #
####### ###.#O#.#
#### ##.#.#.# ...#
#>.....# ##.###
##.#.### .....#
#.#.# ##.#.###
#.#..
##.#...######.####
...###........#


You could see an ogre (burning).

Vanquished Creatures
  Purgy (Sewer)
  A black bear (D:5)
  A scorpion (D:5)
  A howler monkey (D:4)
  An orc priest (D:5)
  A bullfrog skeleton (D:5)
  Natasha (thrice) (D:2)
  An orc wizard (D:5)
  Robin (D:2)
  4 gnolls (D:3)
  An adder (D:2)
  2 worms
  4 dart slugs
  12 orcs
  6 ball pythons
  3 bats
  6 endoplasms
  8 giant cockroaches
  18 goblins
  7 hobgoblins
  6 quokkas (D:3)
  5 frilled lizards
  8 kobolds
  7 rats
108 creatures vanquished.

Vanquished Creatures (others)
  408 foxfires
408 creatures vanquished.

Grand Total: 516 creatures vanquished

Notes
Turn   | Place    | Note
-------+----------+-------------------------------------------
     0 | D:1      | raph the Deep Elf Fire Elementalist began the quest for the
                  | Orb.
     0 | D:1      | Reached XP level 1. HP: 10/10 MP: 6/6
   293 | D:1      | Reached XP level 2. HP: 15/15 MP: 5/8
   479 | D:1      | Found a faded altar of an unknown god.
  1028 | D:2      | Noticed Robin
  1032 | D:2      | Noticed Natasha
  1033 | D:2      | Reached XP level 3. HP: 14/19 MP: 4/9
  1119 | D:1      | Learned a level 3 spell: Conjure Flame
  1389 | D:2      | Killed Robin
  1718 | D:2      | Killed Natasha
  1719 | D:2      | Reached XP level 4. HP: 9/24 MP: 4/10
  2025 | D:2      | Noticed Natasha
  2040 | D:2      | Killed Natasha
  2095 | D:2      | Noticed Natasha
  2100 | D:2      | Killed Natasha
  2101 | D:2      | Reached skill level 5 in Fire Magic
  2101 | D:2      | Reached XP level 5. HP: 8/28 MP: 5/11
  2960 | D:3      | Found a glowing drain.
  3028 | Sewer    | Entered a sewer
  3116 | Sewer    | Noticed Purgy
  3132 | Sewer    | Killed Purgy
  3261 | Sewer    | Learned a level 4 spell: Sticky Flame
  3353 | D:3      | Found a glowing silver altar of Zin.
  3421 | D:3      | Became a worshipper of Zin the Law-Giver
  3421 | D:3      | Reached * piety under Zin
  3625 | D:3      | Reached XP level 6. HP: 32/32 MP: 8/12
  4316 | D:4      | Reached skill level 5 in Conjurations
  4398 | D:4      | Identified the +5 ring mail of the Furrier {Harm rN+ Str-2
                  | Int+2}
  4709 | D:4      | Reached ** piety under Zin
  4778 | D:4      | Found a white marble altar of Elyvilon.
  5242 | D:5      | Entered Level 5 of the Dungeon
  5681 | D:5      | Found a staircase to the Ecumenical Temple.
  5686 | D:5      | Reached XP level 7. HP: 36/36 MP: 8/13
  6032 | D:5      | Slain by an ogre

Illustrated notes

Levels and vault maps discovered:
D:1:      saegor_arrival_simple_c, layout_loops_cross,
          shapermc_ecumenical_altar_venn
D:2:      layout_basic, grunt_decor_clamped, uniq_robin, uniq_natasha
D:3:      layout_rooms, mainiacjoe_overflow_cross_hatched, gup_sewer_entry_pipe
D:4:      layout_gridville, elyvilon_altar_5
D:5:      layout_loops_cross, minmay_temple_entry_proselytizer

Skill      XL: |  1  2  3  4  5  6  7 |
---------------+----------------------+-----
Conjurations   | 2 3 4 5 6 |  6.1
Fire Magic     | 4 5 6 |  6.9
Dodging        | |  2.4
Stealth        | |  2.4
Spellcasting   | |  3.0

Action                   |  1- 3 |  4- 6 |  7- 9 || total
-------------------------+-------+-------+-------++-------
Melee: Dagger            |     2 |       |       ||     2
       Short sword       |     3 |     5 |     1 ||     9
 Cast: Foxfire           |    60 |   166 |    11 ||   237
       Sticky Flame      |       |     1 |     3 ||     4
  Use: Scroll            |       |    12 |       ||    12
 Stab: Sleeping          |       |     1 |     1 ||     2
Armor: Robe              |     3 |     5 |       ||     8
Dodge: Dodged            |     5 |     9 |       ||    14
